 Dungeon Crawl Stone Soup version 0.21-a0-522-ga8338f0 (webtiles) character file.

230 Lanoc the Charmwright (level 6, 0/50 HPs)
             Began as a Gnoll Skald on Dec 6, 2017.
             Succumbed to Crazy Yiuf's poison
             ... on level 2 of the Dungeon.
             The game lasted 00:05:34 (1650 turns).

Lanoc the Charmwright (Gnoll Skald)                 Turns: 1650, Time: 00:05:35

Health: 0/50       AC:  5    Str: 20    XL:     6   Next: 3%
Magic:  2/13       EV: 15    Int: 20    God:
Gold:   168        SH:  0    Dex: 15    Spells: 12/15 levels left

rFire    + + .     SeeInvis .   a - +0 falchion
rCold    + . .     Gourm    .   (no shield)
rNeg     + . .     Faith    .   p - +2 robe {rN+}
rPois    +         Spirit   +   (no helmet)
rElec    +         Reflect  .   g - scarf {Spirit}
rCorr    +         Harm     .   o - +0 pair of gloves
MR       +....                  (no boots)
Stlth    ++........             (no amulet)
HPRegen  0.16/turn              n - ring of protection from magic
MPRegen  0.13/turn              l - ring of protection from fire

@: mighty, brilliant, lethally poisoned (0 -> -6), resistant, very slightly
contaminated, drained
A: distributed training, fangs 1, strong nose
a: no special abilities


You were on level 2 of the Dungeon.
You were full.

You visited 1 branch of the dungeon, and saw 2 of its levels.

You collected 168 gold pieces.

Inventory:

Hand Weapons
 a - a +0 falchion (weapon)
Armour
 g - a scarf of spirit shield (worn)
 o - a +0 pair of gloves (worn)
 p - a +2 robe of positive energy (worn)
Jewellery
 l - a ring of protection from fire (right hand)
 n - a ring of protection from magic (left hand)
Scrolls
 f - a scroll of noise
 k - 3 scrolls of identify
Books
 c - a book of Battle

   Spells                             Type                      Level
   a - Infusion                       Charms                       1
   b - Shroud of Golubria             Charms/Translocation         2
   c - Song of Slaying                Charms                       2
   d - Spectral Weapon                Hexes/Charms                 3
   e - Regeneration                   Charms/Necromancy            3
Comestibles
 b - 3 meat rations
 d - a bread ration


   Skills:
 + Level 4.9(4.7) Fighting
 + Level 1.7(1.5) Short Blades
 + Level 4.9(4.7) Long Blades
 + Level 1.7(1.5) Axes
 + Level 1.7(1.5) Maces & Flails
 + Level 1.7(1.5) Polearms
 + Level 1.7(1.5) Staves
 + Level 1.7(1.5) Slings
 + Level 1.7(1.5) Bows
 + Level 1.7(1.5) Crossbows
 + Level 1.7(1.5) Throwing
 + Level 3.1(2.9) Armour
 + Level 4.9(4.7) Dodging
 + Level 1.7(1.5) Stealth
 + Level 1.7(1.5) Shields
 + Level 1.7(1.5) Unarmed Combat
 + Level 5.2(5.0) Spellcasting
 + Level 1.3(1.1) Conjurations
 + Level 1.3(1.1) Hexes
 + Level 5.6(5.4) Charms
 + Level 1.3(1.1) Summonings
 + Level 1.3(1.1) Necromancy
 + Level 1.3(1.1) Translocations
 + Level 1.3(1.1) Transmutations
 + Level 1.3(1.1) Fire Magic
 + Level 1.3(1.1) Ice Magic
 + Level 1.3(1.1) Air Magic
 + Level 1.3(1.1) Earth Magic
 + Level 1.3(1.1) Poison Magic
 + Level 1.9(1.7) Invocations
 + Level 1.7(1.5) Evocations


You had 12 spell levels left.
You knew the following spells:

 Your Spells              Type           Power        Failure   Level  Hunger
a - Infusion              Chrm           ####         1%          1    None
b - Song of Slaying       Chrm           #####...     1%          2    None


Dungeon Overview and Level Annotations

Branches:
Dungeon (2/15)

Altars:
Makhleb


Innate Abilities, Weirdness & Mutations

Your experience applies equally to all skills.
You have very sharp teeth.
Your uncanny sense of smell can sniff out nearby items.


Message History

You feel sick.
Blink to where?
Press: ? - help, Dir - move target cursor You are very lightly contaminated with residual magic.
As you read the scroll labeled NITULOE JILOES, it crumbles to dust.
It was a scroll of blinking.
* * * LOW HITPOINT WARNING * * *
You feel sick.
As you read the scroll labeled EBEYPI MAOSOOF, it crumbles to dust.
The scroll dissolves into smoke.
It was a scroll of fog.
* * * LOW HITPOINT WARNING * * *
You feel sick.
Memorise Regeneration, consuming 3 spell levels and leaving 9?
Your memorisation is interrupted.
* * * LOW HITPOINT WARNING * * *
You feel sick.
Memorise Regeneration, consuming 3 spell levels and leaving 9?
You start memorising the spell.
You continue memorising.
Your memorisation is interrupted.
You die...

##.# #..# #.## #.#
#.# #.....
##.####..#
#.####.###.# #.##..
.....##..#
#........#.# #.##[.
##.#.##..#
############ #.##..
##.#.##..# ##.###.
#.#.##..#
#######..###.
##.#.##..###
########.#..#.#.....
...........#
#§§§##..#...........
......#..###
#§§@'.####..........
.#.........# #§§§###
##.#..####.
......###### #####
###### #.
...........# ##
####.####### ####.#
.....# ######


There were no monsters in sight!

Vanquished Creatures
  3 jellies (D:2)
  Crazy Yiuf (D:2)
  Jessica (D:2)
  11 oozes
  2 worms (D:2)
  3 giant cockroaches
  3 goblins (D:1)
  4 hobgoblins
  3 bats
  A frilled lizard (D:1)
  11 kobolds
  4 rats (D:1)
47 creatures vanquished.

Vanquished Creatures (others)
  3 fungi (D:2)
  7 toadstools (D:2)
10 creatures vanquished.

Grand Total: 57 creatures vanquished

Notes
Turn   | Place    | Note
-------+----------+-------------------------------------------
     0 | D:1      | Lanoc the Gnoll Skald began the quest for the Orb.
     0 | D:1      | Reached XP level 1. HP: 20/20 MP: 6/6
    49 | D:1      | Reached XP level 2. HP: 11/26 MP: 7/7
   313 | D:1      | Learned a level 2 spell: Song of Slaying
   421 | D:1      | Reached XP level 3. HP: 31/31 MP: 9/9
   499 | D:2      | Reached skill level 5 in Spellcasting
   519 | D:2      | Noticed Jessica
   530 | D:2      | Killed Jessica
   530 | D:2      | Reached skill level 1 in Short Blades
   530 | D:2      | Reached skill level 1 in Axes
   530 | D:2      | Reached skill level 1 in Maces & Flails
   530 | D:2      | Reached skill level 1 in Polearms
   530 | D:2      | Reached skill level 1 in Staves
   530 | D:2      | Reached skill level 1 in Slings
   530 | D:2      | Reached skill level 1 in Bows
   530 | D:2      | Reached skill level 1 in Crossbows
   530 | D:2      | Reached skill level 1 in Throwing
   530 | D:2      | Reached skill level 1 in Stealth
   530 | D:2      | Reached skill level 1 in Shields
   530 | D:2      | Reached skill level 1 in Unarmed Combat
   530 | D:2      | Reached skill level 1 in Invocations
   530 | D:2      | Reached skill level 1 in Evocations
   530 | D:2      | Reached XP level 4. HP: 26/38 MP: 6/11
   565 | D:2      | Found a runed door.
   721 | D:2      | Reached skill level 1 in Conjurations
   721 | D:2      | Reached skill level 1 in Hexes
   721 | D:2      | Reached skill level 1 in Summonings
   721 | D:2      | Reached skill level 1 in Necromancy
   721 | D:2      | Reached skill level 1 in Translocations
   721 | D:2      | Reached skill level 1 in Transmutations
   721 | D:2      | Reached skill level 1 in Fire Magic
   721 | D:2      | Reached skill level 1 in Ice Magic
   721 | D:2      | Reached skill level 1 in Air Magic
   721 | D:2      | Reached skill level 1 in Earth Magic
   721 | D:2      | Reached skill level 1 in Poison Magic
   742 | D:2      | Reached XP level 5. HP: 8/43 MP: 2/12
  1305 | D:2      | Found a burning altar of Makhleb.
  1628 | D:2      | Noticed Crazy Yiuf
  1641 | D:2      | Killed Crazy Yiuf
  1641 | D:2      | Reached XP level 6. HP: 7/50 MP: 1/13
  1646 | D:2      | HP: 2/50 [poisoned by Crazy Yiuf]
  1650 | D:2      | Succumbed to Crazy Yiuf's poison

Vault maps used:
D:1:      tarquinn_simple_flora_water_b
D:2:      cheibrodos_fertilizer, small_statue_intersection, bloody_makhleb,
          uniq_jessica, uniq_crazy_yiuf_cottage

Skill      XL: |  1  2  3  4  5 |
---------------+----------------+-----
Spellcasting   | 5 |  5.2
Short Blades   | 1 |  1.7
Axes           | 1 |  1.7
Maces & Flails | 1 |  1.7
Polearms       | 1 |  1.7
Staves         | 1 |  1.7
Slings         | 1 |  1.7
Bows           | 1 |  1.7
Crossbows      | 1 |  1.7
Throwing       | 1 |  1.7
Stealth        | 1 |  1.7
Shields        | 1 |  1.7
Unarmed Combat | 1 |  1.7
Invocations    | 1 |  1.9
Evocations     | 1 |  1.7
Conjurations   | 1 |  1.3
Hexes          | 1 |  1.3
Summonings     | 1 |  1.3
Necromancy     | 1 |  1.3
Translocations | 1 |  1.3
Transmutations | 1 |  1.3
Fire Magic     | 1 |  1.3
Ice Magic      | 1 |  1.3
Air Magic      | 1 |  1.3
Earth Magic    | 1 |  1.3
Poison Magic   | 1 |  1.3
Armour         | 3 |  3.1
Fighting       | |  4.9
Long Blades    | |  4.9
Dodging        | |  4.9
Charms         | |  5.6

Action                   |  1- 3 |  4- 6 || total
-------------------------+-------+-------++-------
Melee: Falchion          |    59 |   100 ||   159
       Bite              |    10 |    20 ||    30
  Use: Potion            |       |     4 ||     4
       Scroll            |       |     3 ||     3
 Stab: Sleeping          |       |     1 ||     1
  Eat: Fruit             |       |     8 ||     8
Armor: Leather armour    |    14 |       ||    14
       Robe              |       |    19 ||    19
Dodge: Dodged            |    53 |    83 ||   136
       Rpst.: Falchion   |    21 |    30 ||    51

Table legend:
 A = Spawn XP
 B = Non-spawn XP
 C = Spawn XP percentage of total XP
 D = Spawn monster count
 E = Non-spawn monster count
 F = Spawn count percentage of total count
 G = Total turns spent on level
                    A         B        C        D         E        F      G
               +---------+---------+-------+---------+---------+-------+---------
         Total |       0 |     329 |   0.0 |       0 |      47 |   0.0 |  1650
               +---------+---------+-------+---------+---------+-------+---------
           D:1 |       0 |      50 |   0.0 |       0 |      22 |   0.0 |   666
           D:2 |       0 |     279 |   0.0 |       0 |      25 |   0.0 |   984
               +---------+---------+-------+---------+---------+-------+---------
